 Dungeon Crawl Stone Soup version 0.32-a0-705-g60f233581c (webtiles) character file.

Game seed: 1328275281143739852

31 Ruich the Changeling (level 2, 0/22 HPs)
             Began as a Demigod Shapeshifter on Mar 14, 2024.
             Slain by a sleepcap (2 damage)
             ... on level 2 of the Dungeon.
             The game lasted 00:04:11 (1242 turns).

Ruich the Changeling (Demigod Shapeshifter)         Turns: 1242, Time: 00:04:11

Health: 0/22       AC:  2    Str: 15    XL:     2   Next: 90%
Magic:  4/4        EV: 11    Int: 12    God:
Gold:   73         SH:  0    Dex: 13    Spells: 1/1 levels left

rFire   . .          .
                       - Unarmed
rCold   . . .        (no shield)
rNeg    . . .        a - +0 animal skin
rPois   .            (helmet currently unavailable)
rElec   .            (cloak currently unavailable)
rCorr   .            (gloves currently unavailable)
SInv    .            (boots currently unavailable)
Will    +....        (no amulet)
Stlth   +            (no ring)
HPRegen 0.23/turn    (no ring)
MPRegen 0.09/turn

%: no passive effects
@: brilliant, beast-form, attractive, enlightened, flying
A: beast (slay +1), high MP 1, forlorn, divine attributes
a: Begin Untransformation


You were on level 2 of the Dungeon.
You were a hulking beast.
You visited 1 branch of the dungeon, and saw 2 of its levels.

You collected 73 gold pieces.


Innate Abilities, Weirdness & Mutations

You are a hulking beast.
Your limbs bulge with bestial killing power. (Slay +1)
You have an increased reservoir of magic. (+10% MP)
You shall have no god before yourself.
Your divine heritage dramatically boosts your attributes as you level up.


   Skills:
 - Level 0.8 Fighting
 - Level 1.7 Dodging
 + Level 3.1 Unarmed Combat
 * Level 3.4 Shapeshifting


You had one spell level left.
You didn't know any spells.
Your spell library was empty.

Inventory:

Missiles
 e - 6 javelins (quivered)
Armour
 a - a +0 animal skin (worn)
Talismans
 c - a beast talisman (active)
 d - a flux talisman
Scrolls
 i - a scroll of torment

Dungeon Overview and Level Annotations

Branches:
Dungeon (2/15) Zot: 10757

Shops:
D:1 !(=?(

##########..
#J........#
#f#..####.#
#h#..# #
#.#..# #. #
#.#J.#
#.####
#.#..#
#.#<##
#.#..#
#.#.##
#.#..#
#.#.##
#.#..#
#.#..'
#.#..#
#.####
#.#..#
#....'


You could see a sleepcap and an endoplasm.


Message History

Here: a sleepcap The floor, spattered with blood.
Unknown command.
Unknown command.
You hit the sleepcap.
The sleepcap is lightly damaged.
The sleepcap releases spores at you.
* * * LOW HITPOINT WARNING * * *
Unknown command.
You hit the sleepcap.
The sleepcap is moderately damaged.
The sleepcap releases spores at you but does no damage.
You hit the sleepcap.
The sleepcap is moderately damaged.
The sleepcap barely misses you.
Unknown command.
You hit the sleepcap but do no damage.
The sleepcap is moderately damaged.
The sleepcap barely misses you.
Unknown command.
You hit the sleepcap but do no damage.
The sleepcap is moderately damaged.
The sleepcap barely misses you.
You hit the sleepcap.
The sleepcap is heavily damaged.
The sleepcap barely misses you.
You hit the sleepcap.
The sleepcap is heavily damaged.
The sleepcap releases spores at you.
You die...

Skill      XL: |  1  2 |
---------------+-------+-----
Shapeshifting  | 3 |  3.4
Unarmed Combat | 3 |  3.1
Fighting       | |  0.8
Dodging        | |  1.7

Action                     || total
---------------------------++-------
  Melee: Unarmed           ||    81
         Punch             ||     3
    Use: Potion            ||     4
         Scroll            ||     2
   Stab: Sleeping          ||     5
 Armour: Animal skin       ||    52
  Dodge: Dodged            ||    43

Levels and vault maps discovered:
D:1:      spicycebolla_green_bress_n_ham_2, layout_basic,
          chequers_ecumenical_altar_twisty, serial_shops, shop,
          nicolae_shop_advertising_works [nicolae_subvault_shop_adworks],
          nicolae_shop_crystal, shop, shop,
          nicolae_concentric_dashed_squares_wild
D:2:      layout_basic, minmay_misc_feat_columns

Notes
Turn   | Place    | Note
-------+----------+-------------------------------------------
     0 | D:1      | Ruich the Demigod Shapeshifter began the quest for the Orb.
     0 | D:1      | Reached XP level 1. HP: 15/15 MP: 3/3
     5 | D:1      | Found Jopaac's Magic Scroll Shop.
    36 | D:1      | Found Jeodotun's Jewellery Shop.
    64 | D:1      | Reached skill level 3 in Shapeshifting
    90 | D:1      | Found Lamatz's Distillery.
   124 | D:1      | Reached XP level 2. HP: 22/22 MP: 4/4
   256 | D:1      | Found Ukyorphi's Antique Weapon Shoppe.
   359 | D:1      | Reached skill level 3 in Unarmed Combat
   568 | D:1      | Found Ocaime's Antique Weapon Shoppe.
  1236 | D:2      | HP: 1/22 [sleepcap (3)]
  1242 | D:2      | Slain by a sleepcap

Vanquished Creatures
  A ribbon worm (D:2)
  7 ball pythons
  5 bats (D:1)
  3 endoplasms (D:1)
  A giant cockroach (D:1)
  A frilled lizard (D:2)
  5 goblins (D:1)
  A kobold (D:1)
  4 rats (D:1)
28 creatures vanquished.

Table legend: (Time is in decaauts)
 A = Elapsed time spent in this place.
 B = Non-inter-level travel time spent in this place.
 C = Inter-level travel time spent in this place.
 D = Time resting spent in this place.
 E = Time spent auto-exploring this place.
 F = Levels seen in this place.
 G = Mean time per level.
                   A        B        C        D        E       F      G
               +--------+--------+--------+--------+--------+-----+--------+
         Total |   1241 |   1196 |     45 |    152 |    799 |   2 |  620.5 |
       Dungeon |   1241 |   1196 |     45 |    152 |    799 |   2 |  620.5 |
               +--------+--------+--------+--------+--------+-----+--------+

Top non-repeatable levels by time:
     D:1: 936 daAuts
     D:2: 305 daAuts

Table legend:
 A = Non-vault XP
 B = Vault XP
 C = Vault XP percentage of total XP
 D = Non-vault monster count
 E = Vault monster count
 F = Vault count percentage of total count
                 A         B        C        D         E       F
            +---------+---------+-------+---------+---------+-------
      Total |      45 |       0 |   0.0 |      28 |       0 |   0.0
            +---------+---------+-------+---------+---------+-------
        D:1 |      38 |       0 |   0.0 |      25 |       0 |   0.0
        D:2 |       7 |       0 |   0.0 |       3 |       0 |   0.0
            +---------+---------+-------+---------+---------+-------
